 Dungeon Crawl Stone Soup version 0.19.5 (webtiles) character file.

9661 Shoikan the Basher (level 11, -1/100 HPs)
             Began as a Minotaur Berserker on Mar 16, 2017.
             Was an Elder of Trog.
             Succumbed to a spiny frog's poison
             ... on level 2 of the Lair of Beasts.
             The game lasted 01:05:25 (11752 turns).

Shoikan the Basher (Minotaur Berserker)            Turns: 11752, Time: 01:05:26

Health: -1/100     AC: 18    Str: 23    XL:     11   Next: 26%
Magic:  10/10      EV: 14    Int:  4    God:    Trog [****..]
Gold:   515        SH:  6    Dex: 20    Spells: 0 memorised, 10 levels left

rFire  . . .     SeeInvis .     q - +0 flail (crush)
rCold  . . .     Gourm    .     I - +0 plate armour
rNeg   . . .     Faith    +     K - +0 buckler
rPois  .         Spirit   .     (helmet restricted)
rElec  .         Reflect  .     (no cloak)
rCorr  .         Harm     .     N - +0 pair of gloves
MR     .....                    (no boots)
Stlth  ..........               U - amulet of faith
                                g - +2 ring of protection
                                i - +3 ring of dexterity

@: agile, lethally poisoned (-1 -> -20), about to teleport
A: retaliatory headbutt, horns 2
a: Berserk, Trog's Hand, Brothers in Arms, Burn Spellbooks, Renounce Religion


You were on level 2 of the Lair of Beasts.
You worshipped Trog.
Trog was greatly pleased with you.
You were hungry.

You visited 3 branches of the dungeon, and saw 12 of its levels.
You also visited: Sewer.

You collected 515 gold pieces.

Inventory:

Hand Weapons
 f - a +2 flail of holy wrath
 k - a +0 whip of pain
 q - a +0 flail of crushing (weapon)
 v - a +1 whip of draining
 D - a +0 whip of venom
Missiles
 y - 52 poisoned needles
Armour
 I - a +0 plate armour (worn)
 K - a +0 buckler (worn)
 N - a +0 pair of gloves (worn)
 V - a +1 ring mail of poison resistance
Jewellery
 e - an uncursed ring of ice
 g - a +2 ring of protection (right hand)
 i - a +3 ring of dexterity (left hand)
 o - an uncursed ring of resist corrosion
 U - an amulet of faith (around neck)
Wands
 m - a wand of slowing (23/48)
 n - a wand of random effects (38/48)
 z - a wand of flame (18/48)
 H - a wand of iceblast (4/15)
 O - a wand of confusion (14/48)
 Q - a wand of iceblast (7/15)
 Z - a wand of digging (9/24)
Scrolls
 p - 2 scrolls of recharging
 s - a scroll of teleportation
 t - 2 scrolls of random uselessness {unknown}
 x - a scroll of holy word {unknown}
 A - 2 scrolls of blinking {unknown}
 B - 3 scrolls of fog {unknown}
 C - 3 scrolls of magic mapping
 F - a scroll of enchant armour
 L - a scroll of enchant weapon {unknown}
 S - a scroll of remove curse
Potions
 a - a potion of mutation {unknown}
 h - a potion of curing {unknown}
 l - 2 potions of berserk rage
 r - a potion of flight {unknown}
 u - 2 potions of might
 w - a potion of agility
 E - a potion of cure mutation {unknown}
 G - a potion of haste {unknown}
 J - a potion of ambrosia {unknown}
 M - a potion of invisibility {unknown}
 X - a potion of lignification {unknown}
Comestibles
 b - 6 meat rations
 c - 11 bread rations
 d - 11 beef jerkies
 j - 2 slices of pizza


   Skills:
 + Level 10.2 Fighting
 + Level 13.4 Maces & Flails
 + Level 11.7 Armour
 + Level 3.8 Dodging
 + Level 5.1 Shields


You had 10 spell levels left.
You didn't know any spells.

Dungeon Overview and Level Annotations

Branches:
Dungeon (9/15)             Temple (1/1) D:6            Lair (2/6) D:9
  Snake (0/4) Lair:2
  Swamp: Lair:2-4    Shoals: Lair:2-4       Orc: D:9-12

Altars:
Ashenzari
Cheibriados
Dithmenos
Elyvilon
Fedhas
Gozag
Hepliaklqana
Kikubaaqudgha
Makhleb
Nemelex Xobeh
Okawaru
Qazlal
Ru
Sif Muna
Trog
Uskayaw
Vehumet
Xom
Yredelemnul
Zin
The Shining One


Innate Abilities, Weirdness & Mutations

You reflexively headbutt those who attack you in melee.
You have a pair of horns on your head.


Message History

You hit the yak but do no damage.
The yak is heavily wounded.
You feel sick. The yak gores you but does no damage.
You hit the yak but do no damage.
You feel sick. The yak gores you but does no damage. The yak gores you!
* * * LOW HITPOINT WARNING * * *
The yak gores you.
* * * LOW HITPOINT WARNING * * *
You barely miss the yak. Your headbutt misses the yak.
* * * LOW HITPOINT WARNING * * *
You feel sick. The yak gores you but does no damage.
As you read the scroll of teleportation, it crumbles to dust.
You feel strangely unstable.
* * * LOW HITPOINT WARNING * * *
You feel sick. You block the yak's attack. The yak gores you!
* * * LOW HITPOINT WARNING * * *
The yak gores you but does no damage.
It was a potion of agility.
You feel agile all of a sudden.
You die...

##...........##
..............##
#..............##
#...............## ## #
#................# .. ..
.!................ .#.##
.................+......
##..............Y#Y..♣..
####............@YYY....
## #PP..........Y#Y###..
P# ###...........##.. ##
#...#...###..# ## .#
##...######..## .##
#....## #..### ..#
###...# #....# .P#
#....# ####.#### .P##
##...# ##≈≈P.♣.P##


You could see 7 yaks.

Vanquished Creatures
  The ghost of Lizzreth the Skirmisher, a novice VSFi of Makhleb (D:6)
  2 black mambas
  3 spiny frogs
  A komodo dragon (D:8)
  A two-headed ogre (D:8)
  A slime creature (D:8)
  3 hippogriffs
  10 yaks
  2 hungry ghosts (D:8)
  Edmund (D:4)
  3 nagas (Lair:2)
  A water moccasin (D:6)
  3 porcupines (Lair:1)
  A sky beast (D:7)
  2 orc warriors (D:8)
  A black bear (D:9)
  An ice beast (D:7)
  A necrophage (D:7)
  3 ogres
  2 phantoms
  A hornet zombie (D:8)
  A centaur (D:6)
  5 crocodiles
  10 big kobolds (Sewer)
  8 bullfrogs
  Blork the orc (D:4)
  4 scorpions
  4 wights
  A howler monkey (D:5)
  A crimson imp (D:8)
  2 orc wizards
  A quasit (D:9)
  A hound (D:7)
  4 orc priests
  A jelly (D:5)
  3 iguanas
  Ijyb (D:3)
  10 worker ants
  2 hound zombies
  A hound skeleton (D:8)
  2 worker ant zombies (D:8)
  A gnoll (D:1)
  12 adders
  A howler monkey skeleton (D:6)
  A shadow imp (D:5)
  3 oozes
  4 worms
  A dart slug (D:1)
  7 leopard geckos
  24 orcs
  5 ball pythons
  8 giant cockroaches
  9 goblins
  5 hobgoblins
  9 jackals
  2 quokkas
  4 bats
  6 frilled lizards
  12 kobolds
  11 rats
  3 fungi
235 creatures vanquished.

Vanquished Creatures (others)
  A plant (Lair:1)
1 creature vanquished.

Grand Total: 236 creatures vanquished

Notes
Turn   | Place    | Note
-------+----------+-------------------------------------------
     0 | D:1      | Shoikan the Minotaur Berserker began the quest for the Orb.
     0 | D:1      | Reached XP level 1. HP: 19/19 MP: 0/0
   359 | D:1      | Reached XP level 2. HP: 19/27 MP: 1/1
   402 | D:1      | Reached skill level 4 in Maces & Flails
   840 | D:1      | Reached ** piety under Trog
   922 | D:1      | Reached XP level 3. HP: 30/33 MP: 2/2
  1044 | D:2      | Found a sacrificial altar of Ru.
  1497 | D:2      | You fall through a shaft for 2 floors!
  1518 | D:4      | Noticed Blork the orc
  1529 | D:4      | Killed Blork the orc
  1529 | D:4      | Reached skill level 5 in Maces & Flails
  1529 | D:4      | Reached XP level 4. HP: 27/41 MP: 3/3
  1660 | D:4      | Reached XP level 5. HP: 28/47 MP: 4/4
  1698 | D:4      | Noticed Edmund
  1707 | D:4      | Killed Edmund
  1707 | D:4      | Reached skill level 5 in Fighting
  1707 | D:4      | Reached skill level 6 in Maces & Flails
  1707 | D:4      | Reached XP level 6. HP: 46/56 MP: 5/5
  1844 | D:4      | Reached skill level 7 in Maces & Flails
  2171 | D:4      | Found a glowing drain.
  2175 | Sewer    | Entered a sewer
  2532 | Sewer    | Reached *** piety under Trog
  2532 | Sewer    | Reached XP level 7. HP: 59/61 MP: 6/6
  2750 | Sewer    | Reached skill level 8 in Maces & Flails
  2841 | Sewer    | Reached skill level 5 in Armour
  3062 | Sewer    | Reached XP level 8. HP: 46/70 MP: 7/7
  3881 | D:3      | Noticed Ijyb
  3890 | D:3      | Killed Ijyb
  4564 | D:4      | Reached skill level 9 in Maces & Flails
  4638 | D:5      | Entered Level 5 of the Dungeon
  5704 | D:6      | Found a staircase to the Ecumenical Temple.
  5721 | Temple   | Entered the Ecumenical Temple
  5937 | D:6      | Noticed Lizzreth's ghost (novice VSFi)
  5941 | D:6      | Killed Lizzreth's ghost
  5941 | D:6      | Reached skill level 10 in Maces & Flails
  5941 | D:6      | Reached XP level 9. HP: 79/79 MP: 8/8
  5986 | D:6      | Found a shimmering altar of Xom.
  5990 | D:6      | Found a blossoming altar of Fedhas.
  5990 | D:6      | Found a glowing golden altar of the Shining One.
  5990 | D:6      | Found a hide-covered altar of Uskayaw.
  5991 | D:6      | Found a hazy altar of Hepliaklqana.
  6074 | D:6      | Reached **** piety under Trog
  7041 | D:7      | Reached skill level 11 in Maces & Flails
  7451 | D:8      | Reached skill level 1 in Shields
  7546 | D:8      | Noticed a komodo dragon
  7558 | D:8      | Killed a komodo dragon
  7558 | D:8      | Reached skill level 12 in Maces & Flails
  7558 | D:8      | Reached XP level 10. HP: 34/91 MP: 9/9
  8382 | D:8      | Reached ***** piety under Trog
  8560 | D:8      | Reached skill level 10 in Armour
  9101 | D:9      | Found a staircase to the Lair.
  9128 | Lair:1   | Entered Level 1 of the Lair of Beasts
  9153 | Lair:1   | Received a gift from Trog
  9183 | Lair:1   | Noticed a black mamba
  9215 | Lair:2   | Killed a black mamba
  9623 | Lair:1   | Reached skill level 13 in Maces & Flails
  9933 | Lair:1   | Noticed a black mamba
  9947 | Lair:1   | Killed a black mamba
  9947 | Lair:1   | Reached skill level 10 in Fighting
 10326 | Lair:1   | Noticed a spiny frog
 10333 | Lair:1   | Killed a spiny frog
 10333 | Lair:1   | Reached XP level 11. HP: 99/99 MP: 10/10
 11378 | Lair:2   | Found a staircase to the Snake Pit.
 11401 | Lair:2   | Reached skill level 5 in Shields
 11751 | Lair:2   | HP: 1/100 [yak (9)]
 11752 | Lair:2   | Succumbed to a spiny frog's poison

Skill      XL: |  1  2  3  4  5  6  7  8  9 10 11 |
---------------+----------------------------------+-----
Maces & Flails | 4 5 6 7 8 10 12 13 | 13.4
Fighting       | 4 5 6 7 9 10 | 10.2
Armour         | 3 4 5 8 9 11 | 11.7
Dodging        | 3 |  3.8
Shields        | 1 4 5 |  5.1

Action                   |  1- 3 |  4- 6 |  7- 9 | 10-12 || total
-------------------------+-------+-------+-------+-------++-------
Melee: Mace              |    49 |       |    75 |       ||   124
       Headbutt          |    14 |    15 |    69 |    72 ||   170
       Flail             |    33 |    86 |   303 |   290 ||   712
Invok: Berserk           |       |     1 |     1 |     1 ||     3
       Burn Spellbooks   |       |       |     1 |     1 ||     2
  Use: Scroll            |     3 |       |    10 |     4 ||    17
       Potion            |       |       |       |     3 ||     3
  Eat: Chunk             |     2 |     4 |    18 |    11 ||    35
       Meat ration       |       |       |       |     1 ||     1
Armor: Animal skin       |     3 |       |       |       ||     3
       Chain mail        |    32 |    50 |    61 |       ||   143
       Plate armour      |       |       |   125 |   124 ||   249
       Ring mail         |       |       |       |     8 ||     8
Dodge: Dodged            |    36 |    45 |   119 |   129 ||   329
Block: Buckler           |       |       |    14 |    69 ||    83
